 Dungeon Crawl Stone Soup version 0.23.0-3-gf3c87f2 (webtiles) character file.

Game seed: 6786284564992002261

102 Inarius the Skirmisher (level 4, -3/37 HPs)
             Began as a Mummy Wanderer on Feb 21, 2019.
             Slain by an ogre
             ... wielding a +0 giant club
              (10 damage)
             ... on level 3 of the Dungeon.
             The game lasted 00:02:34 (2386 turns).

Inarius the Skirmisher (Mummy Wanderer)             Turns: 2386, Time: 00:02:35

Health: -3/37      AC:  9    Str: 16    XL:     4   Next: 49%
Magic:  4/4        EV:  7    Int:  9    God:
Gold:   144        SH:  0    Dex: 13    Spells: 3/3 levels left

rFire    x . .     SeeInvis +   d - +0 hand axe
rCold    + . .     Gourm    .   (no shield)
rNeg     + + +     Faith    .   g - +0 chain mail
rPois    ∞         Spirit   .   (no helmet)
rElec    .         Reflect  .   (no cloak)
rCorr    .         Harm     .   (no gloves)
MR       .....                  (no boots)
Stlth    ..........             (no amulet)
HPRegen  0.12/turn              b - ring of see invisible
MPRegen  0.09/turn              (no ring)

@: no status effects
A: no food or potions, fire vulnerability, cold resistance 1, negative energy
resistance 3, torment resistance, unbreathing
a: no special abilities


You were on level 3 of the Dungeon.
You were not hungry.

You visited 1 branch of the dungeon, and saw 3 of its levels.

You collected 144 gold pieces.

Inventory:

Hand Weapons
 d - a +0 hand axe (weapon)
Missiles
 l - a throwing net (quivered)
 m - 7 javelins
Armour
 g - a +0 chain mail (worn)
Jewellery
 b - a ring of see invisible (left hand)
Wands
 a - a wand of paralysis (15)
 k - a wand of iceblast (10)
Scrolls
 c - a scroll of teleportation
 e - a scroll of magic mapping {unknown}
 f - a scroll of remove curse {unknown}
 h - a scroll of fog {unknown}
 i - 2 scrolls of amnesia {unknown}
 j - 3 scrolls of identify {unknown}


   Skills:
 + Level 3.9 Fighting
 + Level 1.4(1.6) Axes
   Level 1.0(1.3) Maces & Flails
 + Level 3.4 Armour
 + Level 0.7 Dodging
 - Level 1.0 Stealth
 - Level 1.0 Evocations


You had 3 spell levels left.
You didn't know any spells.
Your spell library was empty.

Dungeon Overview and Level Annotations

Branches:
Dungeon (3/15)

Altars:
Makhleb
Xom


Innate Abilities, Weirdness & Mutations

You do not eat or drink.
Your flesh is vulnerable to fire.
You are immune to poison.
Your flesh is cold resistant. (rC+)
You are immune to negative energy. (rN+++)
You are immune to unholy pain and torment.
You can survive without breathing.


Message History

You are too injured to fight recklessly!
You are too injured to fight recklessly!
You are too injured to fight recklessly!
You are too injured to fight recklessly!
You are too injured to fight recklessly!
You are too injured to fight recklessly!
You are too injured to fight recklessly!
You are too injured to fight recklessly!
You are too injured to fight recklessly!
You are too injured to fight recklessly!
You are too injured to fight recklessly!
You are too injured to fight recklessly!
You are too injured to fight recklessly!
You are too injured to fight recklessly!
You are too injured to fight recklessly!
You are too injured to fight recklessly!
You are too injured to fight recklessly!
The bat hits you but does no damage. The bat closely misses you.
The ogre hits you with a +0 giant club!
You die...

.####.#.##.###
#.#.##.####
#.......o..
###.#######
#.# #$# # #o#
....####.#
#....b@O#
#..###.g....#
#..##### ....
######


You could see an ogre, an orc, a hobgoblin and a bat.

Vanquished Creatures
  3 gnolls
  An adder (D:2)
  2 oozes (D:1)
  A worm (D:2)
  A dart slug (D:2)
  2 leopard geckos
  5 bats
  2 giant cockroaches
  5 goblins
  3 hobgoblins
  2 jackals (D:1)
  4 frilled lizards
  10 kobolds
  10 rats
51 creatures vanquished.

Notes
Turn   | Place    | Note
-------+----------+-------------------------------------------
     0 | D:1      | Inarius the Mummy Wanderer began the quest for the Orb.
     0 | D:1      | Inarius set off with the following items: a wand of
                  | paralysis (15), a +0 ring mail, a scroll of teleportation,
                  | a +0 club
     0 | D:1      | Reached XP level 1. HP: 18/18 MP: 1/1
   149 | D:1      | Reached XP level 2. HP: 16/24 MP: 2/2
   755 | D:1      | Reached XP level 3. HP: 29/29 MP: 3/3
  1422 | D:2      | Found a shimmering altar of Xom.
  1601 | D:2      | Found a burning altar of Makhleb.
  1628 | D:2      | Reached XP level 4. HP: 25/37 MP: 4/4
  2379 | D:3      | Noticed an ogre
  2386 | D:3      | Slain by an ogre

Skill      XL: |  1  2 |
---------------+-------+-----
Armour         | 3 |  3.4
Fighting       | |  3.9
Axes           | |  1.4
Maces & Flails | |  1.0
Dodging        | |  0.7
Stealth        | |  1.0
Evocations     | |  1.0

Action                   |  1- 3 |  4- 6 || total
-------------------------+-------+-------++-------
Melee: Club              |   142 |       ||   142
       Hand axe          |    62 |    64 ||   126
       Whip              |    22 |       ||    22
Armor: Ring mail         |    34 |       ||    34
       Chain mail        |   116 |    41 ||   157
Dodge: Dodged            |   111 |    37 ||   148
